 Dungeon Crawl Stone Soup version 0.17-a0-1617-gfba1302 (webtiles) character file.

179 thrall606 the Skirmisher (level 5, -3/42 HPs)
             Began as a Demonspawn Abyssal Knight on July 31, 2015.
             Was a Believer of Lugonu.
             Slain by an iguana (5 damage)
             ... on level 4 of the Dungeon on Aug 1, 2015.
             The game lasted 00:18:34 (3531 turns).

thrall606 the Skirmisher (DsAK)                     Turns: 3531, Time: 00:18:34

Health: -3/42      AC:  9    Str: 13    XL:     5   Next: 32%
Magic:  7/7        EV:  2    Int: 14    God:    Lugonu [**....]
Gold:   134        SH: 11    Dex: 16    Spells: 0 memorised, 4 levels left

rFire  . . .     SeeInvis .     j - +0 war axe
rCold  . . .     Clarity  .     k - +0 chain mail
rNeg   . . .     SustAt   .     e - +0 large shield
rPois  .         Gourm    .     (no helmet)
rElec  .         Spirit   .     (no cloak)
rCorr  .         Warding  .     (no gloves)
rMut   .         Stasis   .     (no boots)
MR     .....                    (no amulet)
Stlth  ..........               (no ring)
                                (no ring)

@: lethally poisoned (-3 -> -7), not resistant to hostile enchantments,
extremely unstealthy
A: thin skeletal structure 2, powered by pain 1
a: Depart the Abyss, Bend Space, Renounce Religion


You were on level 4 of the Dungeon.
You worshipped Lugonu.
Lugonu was pleased with you.
You were not hungry.

You visited 1 branch of the dungeon, and saw 4 of its levels.
You visited the Abyss 1 time.

You collected 134 gold pieces.

Inventory:

Hand weapons
 a - a +2 hand axe
 j - a +0 war axe (weapon)
Armour
 b - a +0 leather armour
 d - a +0 robe
 e - a +0 large shield (worn)
 k - a +0 chain mail (worn)
 m - a +0 scale mail
 p - a +0 ring mail
Jewellery
 h - an uncursed ring of loudness
Scrolls
 g - 5 scrolls of identify
Potions
 c - a potion of cancellation {unknown}
 o - a potion of heal wounds {unknown}
Comestibles
 f - a meat ration
 i - a beef jerky
 n - a bread ration


   Skills:
 + Level 3.7 Fighting
 + Level 2.1 Axes
 + Level 3.1 Armour
 + Level 2.2 Dodging
 + Level 0.4 Stealth
 + Level 1.5 Shields
 + Level 2.8 Invocations


You had 4 spell levels left.
You didn't know any spells.

Dungeon Overview and Level Annotations

Branches:
Dungeon (4/15)             Temple (0/1) D:4

Altars:
Okawaru
Qazlal


Innate Abilities, Weirdness & Mutations

You have a moderately thin skeletal structure (Dex +4, Stealth+).
You sometimes gain a little power by taking damage.


Message History

The worker ant is lightly wounded.
You hit the gnoll.
You kill the gnoll!
Lugonu accepts your kill.
You hit the gnoll.
The gnoll is severely wounded.
* * * LOW HITPOINT WARNING * * *
You feel sick. The gnoll hits you but does no damage.
You block the worker ant's attack. The gnoll barely misses you.
The gnoll hits you with a club.
* * * LOW HITPOINT WARNING * * *
You hit the worker ant.
The worker ant is moderately wounded.
Your shield and chain mail prevent you from hitting the gnoll.
The gnoll is heavily wounded.
You hit the iguana.
The iguana is moderately wounded.
You block the worker ant's attack. You block the gnoll's attack.
The iguana bites you.
You die...

#.......... .....#..#.#
#.....####. .....#..#.#
#.....#.... .....#..#.#
#.....#.##. ..........
#.....#.##. ..(......###
#.###.#.##. ...........
#.# #.#.##.
....(..gl######.###.#....
#..ga@...........#####
#.######)..#####........
#..........'............
########...#############
#...# #...# #...# #####


You could see an iguana, a worker ant and 2 gnolls.

Vanquished Creatures
  Terence (D:2)
  3 gnolls
  3 adders
  3 worms
  5 orcs (D:3)
  2 ball pythons
  18 hobgoblins
  7 kobolds
  10 bats
  4 giant cockroaches
  2 giant newts
  8 goblins
  7 jackals
  9 rats
82 creatures vanquished.

Notes
Turn   | Place    | Note
--------------------------------------------------------------
     0 | Abyss:1  | thrall606 the Demonspawn Abyssal Knight began the quest for the Orb.
     0 | Abyss:1  | Reached XP level 1. HP: 18/18 MP: 2/2
     0 | D:1      | Escaped the Abyss
   199 | D:1      | Gained mutation: You have a somewhat thin skeletal structure (Dex +2, Stealth). [demonic ancestry]
   199 | D:1      | Reached XP level 2. HP: 6/24 MP: 3/3
   202 | D:1      | Acquired Lugonu's first power
   781 | D:1      | Gained mutation: You sometimes gain a little power by taking damage. [demonic ancestry]
   781 | D:1      | Reached XP level 3. HP: 10/29 MP: 3/5
  1216 | D:1      | Reached skill level 1 in Dodging
  2129 | D:2      | Reached skill level 1 in Shields
  2129 | D:2      | Gained mutation: You have a moderately thin skeletal structure (Dex +4, Stealth+). [demonic ancestry]
  2129 | D:2      | Reached XP level 4. HP: 35/37 MP: 6/6
  2197 | D:2      | Noticed Terence
  2211 | D:2      | Killed Terence
  2277 | D:2      | Found a stormy altar of Qazlal.
  2289 | D:2      | Acquired Lugonu's second power
  2902 | D:3      | Reached XP level 5. HP: 42/42 MP: 7/7
  2924 | D:3      | Found an iron altar of Okawaru.
  3469 | D:4      | Found a staircase to the Ecumenical Temple.
  3529 | D:4      | Upgraded the game from 0.17-a0-1596-g1e86911 to 0.17-a0-1617-gfba1302
  3530 | D:4      | HP: 1/42 [gnoll/club (2)]
  3531 | D:4      | Slain by an iguana

Vault maps used:
D:1:      dpeg_arrival_leaves_temple_mockup, st_stairs_11,
          hangedman_feature_mirror
D:2:      nicolae_qazlal_general_emergency, uniq_crazy_yiuf_cottage,
          uniq_terence
D:3:      okawaru_gym_becter
D:4:      gammafunk_temple_overflow_wave, minmay_temple_entry_statues_pillars,
          minmay_statues_item, roderic_three_in_a_row, minmay_surrounded

Action                   |  1- 3 |  4- 6 || total
-------------------------+-------+-------++-------
Melee: Hand axe          |   128 |    55 ||   183
       War axe           |       |    98 ||    98
Invok: Depart the Abyss  |     1 |       ||     1
  Use: Scroll            |     5 |     2 ||     7
       Potion            |     2 |       ||     2
 Stab: Sleeping          |     1 |       ||     1
  Eat: Bread ration      |     1 |       ||     1
       Pizza             |       |     1 ||     1
       Chunk             |       |     1 ||     1
       Royal jelly       |       |     1 ||     1
